AoeStats
← tony halcon

Black Forest

510148898Analyzed
3v3 RM · 1d ago on Sep 29, 2026· 66m 56s· 6 players
Game mode
Random Map
Map size
Normal (6 player)
Population
200
Speed
Normal
Resources
Standard
Victory
Conquest
Starting age
Dark Age
Ending age
Imperial Age
RankedLock teamsTeams togetherTeam positionsShared explorationLock speedFull tech treeHidden civsTurbo modeCheats
Victory
Defeat
🇪🇸 Spanish · Spain
1120
+13
🇦🇷 Dravidians · Argentina
1107
+13
🇺🇸 Italians · United States
1092
+14
🇹🇷 Turks · Türkiye
1092
-15
🇹🇷 Saracens · Türkiye
1069
-14
🇹🇷 Italians · Türkiye
980
-11
TheGreatKING
0:28 Loom
11:56 Feudal Age
12:38 Double-Bit Axe
19:14 Castle Age
17:36 Gold Mining
26:43 Imperial Age
26:13 Horse Collar
28:18 Bow Saw
31:39 Wheelbarrow
31:55 Ballistics
33:17 Artillery
34:28 Caravan
37:02 Heavy Scorpion
39:54 Elite Janissary
41:05 Hand Cart
40:36 Town Watch
43:06 Town Patrol
63:20 Bloodlines
64:40 Scale Barding Armor
64:46 Forging
65:44 Chain Barding Armor
66:48 Iron Casting
Tillia
0:45 Loom
13:34 Feudal Age
18:04 Horse Collar
19:54 Double-Bit Axe
20:01 Fletching
20:12 Padded Archer Armor
22:39 Castle Age
23:27 Gold Mining
23:27 Stone Mining
25:14 Heavy Plow
29:54 Ballistics
32:42 Imperial Age
32:11 Bow Saw
34:34 Chemistry
35:25 Silk Road
35:26 Conscription
35:23 Caravan
37:05 Elite Skirmisher
38:54 Thumb Ring
40:23 Leather Archer Armor
40:03 Bodkin Arrow
40:12 Bodkin Arrow
46:46 Bracer
47:17 Ring Archer Armor
52:18 Pirotechnia
1Q
1:47 Loom
13:56 Feudal Age
14:27 Horse Collar
14:33 Double-Bit Axe
16:14 Stone Mining
16:17 Gold Mining
19:51 Castle Age
21:09 Heavy Plow
21:20 Bow Saw
28:19 Imperial Age
26:52 Town Watch
27:44 Wheelbarrow
27:22 Fletching
27:32 Padded Archer Armor
28:22 Ballistics
31:03 Chemistry
31:38 Caravan
34:42 Leather Archer Armor
34:22 Bodkin Arrow
34:33 Husbandry
34:57 Elite Mameluke
35:56 Bimaristan
36:19 Bloodlines
37:28 Bracer
37:59 Ring Archer Armor
37:50 Town Patrol
38:06 Hand Cart
39:56 Light Cavalry
43:27 Hussar
45:48 Scale Barding Armor
45:54 Forging
50:39 Chain Barding Armor
50:55 Iron Casting
56:13 Plate Barding Armor
56:39 Blast Furnace
55:51 Heavy Camel Rider
obi1nekinobi
12:33 Feudal Age
16:29 Castle Age
17:11 Horse Collar
17:18 Double-Bit Axe
21:11 Stone Mining
22:58 Fletching
24:35 Wheelbarrow
26:33 Crossbowman
27:58 Hand Cart
27:43 Gold Mining
33:08 Imperial Age
30:30 Loom
32:26 Bodkin Arrow
32:31 Padded Archer Armor
34:03 Silk Road
33:57 Thumb Ring
33:36 Arbalester
34:19 Bracer
35:41 Chemistry
35:02 Ballistics
36:09 Leather Archer Armor
36:19 Conscription
36:10 Caravan
41:13 Treadmill Crane
45:21 Bloodlines
45:12 Husbandry
44:32 Light Cavalry
46:34 Hussar
47:41 Bow Saw
54:05 Scale Barding Armor
54:10 Forging
54:32 Ring Archer Armor
65:42 Spies/Treason
oDiN_ZeLot
11:54 Feudal Age
10:26 Loom
12:46 Double-Bit Axe
19:36 Castle Age
17:59 Stone Mining
18:10 Gold Mining
18:46 Horse Collar
20:29 Heavy Plow
20:41 Bow Saw
27:21 Wheelbarrow
27:47 Redemption
31:25 Husbandry
31:36 Bloodlines
32:13 Sanctity
31:53 Devotion
31:54 Atonement
32:04 Fervor
32:46 Hand Cart
34:01 Scale Barding Armor
34:42 Padded Archer Armor
34:33 Fletching
37:56 Imperial Age
35:12 Town Watch
34:54 Elite Skirmisher
36:19 Leather Archer Armor
36:00 Bodkin Arrow
36:42 Elite Skirmisher
39:18 Ring Archer Armor
38:48 Bracer
39:09 Chain Barding Armor
39:04 Town Patrol
40:13 Two-Man Saw
40:47 Conscription
40:10 Cavalier
40:58 Thumb Ring
41:08 Thumb Ring
42:09 Chemistry
42:31 Plate Barding Armor
42:25 Scale Mail Armor
42:35 Forging
42:44 Caravan
44:09 Ballistics
45:11 Stone Shaft Mining
44:55 Chain Mail Armor
45:08 Pikeman
45:34 Gambesons
45:49 Squires
45:35 Arson
45:37 Arrowslits
45:55 Halberdier
48:00 Elite Conquistador
48:08 Heavy Mounted Crossbowman
50:51 Paladin
53:30 Plate Mail Armor
53:35 Iron Casting
58:08 Light Cavalry
60:53 Bombard Tower
60:45 Masonry
61:55 Blast Furnace
tony halcon
11:53 Feudal Age
15:50 Castle Age
13:47 Double-Bit Axe
13:57 Horse Collar
16:36 Fletching
17:03 Bow Saw
17:01 Padded Archer Armor
18:16 Bodkin Arrow
18:37 Leather Archer Armor
19:26 Fortified Wall
22:27 Loom
25:16 Ballistics
25:42 Masonry
31:45 Thumb Ring
33:48 Caravan
34:25 Wheelbarrow
34:31 Light Cavalry
35:11 Husbandry
39:58 Imperial Age
39:03 Heavy Plow
39:03 Gold Mining
39:04 Stone Mining
42:27 Coinage
43:28 Chemistry
42:42 Bracer
43:52 Medical Corps
44:07 Conscription
44:23 Hoardings
45:42 Ring Archer Armor
44:40 Elite Elephant Archer
47:22 Banking
49:20 Guilds
50:23 Two-Man Saw
51:17 Murder Holes
Connection lost

Rejoining the realm…

Still unreachable

The connection could not be restored.

Session expired

The server has moved on; the page needs a fresh start.